 Dungeon Crawl Stone Soup version 0.29-a0-321-gf1c400731a (webtiles) character file.

Game seed: 12778970753008486470

3 Dabor the Chopper (level 1, 0/20 HPs)
             Began as a Hill Orc Monk on Apr 5, 2022.
             Constricted to death by a ball python (1 damage)
             ... on level 1 of the Dungeon.
             The game lasted 00:00:14 (51 turns).

Dabor the Chopper (Hill Orc Monk)                     Turns: 51, Time: 00:00:15

Health: 0/20       AC:  2    Str: 13    XL:     1   Next: 50%
Magic:  1/1        EV:  9    Int: 10    God:
Gold:   4          SH:  0    Dex: 13    Spells: 0/0 levels left

rFire   . . .      SeeInvis .   a - +0 hand axe
rCold   . . .      Faith    .   (no shield)
rNeg    . . .      Spirit   .   b - +0 robe
rPois   .          Reflect  .   (no helmet)
rElec   .          Harm     .   (no cloak)
rCorr   .          Rampage  .   (no gloves)
Will    .....                   (no boots)
Stlth   ++........              (no amulet)
HPRegen 0.06/turn               (no ring)
MPRegen 0.07/turn               (no ring)

@: constricted
A: no striking features
a: no special abilities


You were on level 1 of the Dungeon.
You visited 1 branch of the dungeon, and saw 1 of its levels.

You collected 4 gold pieces.

Inventory:

Hand Weapons
 a - a +0 hand axe (weapon)
Armour
 b - a +0 robe (worn)
Scrolls
 d - a scroll of identify {unknown}


   Skills:
 + Level 3.7 Fighting
 + Level 4.1 Axes
 + Level 2.4 Dodging
 + Level 1.6 Stealth


You couldn't memorise any spells.
You didn't know any spells.
Your spell library was empty.

Dungeon Overview and Level Annotations

Branches:
Dungeon (1/15)

Altars:


Message History

* * * LOW HITPOINT WARNING * * *
The hobgoblin closely misses you.
The hobgoblin hits you but does no damage.
You bump into the rock wall.
The giant cockroach bites you but does no damage.
The hobgoblin hits you. x2
* * * LOW HITPOINT WARNING * * *
The hobgoblin hits you.
* * * LOW HITPOINT WARNING * * *
The giant cockroach misses you.
You miss the hobgoblin.
The hobgoblin is heavily wounded.
You hit the giant cockroach. You hit the hobgoblin. x2
The giant cockroach bites you. The hobgoblin barely misses you.
The hobgoblin closely misses you. The hobgoblin barely misses you.
You closely miss the hobgoblin.
The hobgoblin is moderately wounded.
You hit the hobgoblin.
You kill the hobgoblin!
You closely miss the hobgoblin. You closely miss the giant cockroach.
You feel less invigorated.
You feel less confused. The bat misses you. The giant cockroach misses you.
The hobgoblin hits you. x2
You hit the hobgoblin.
You kill the hobgoblin!
You barely miss the hobgoblin. You closely miss the giant cockroach.
The bat hits you.
* * * LOW HITPOINT WARNING * * *
The giant cockroach barely misses you. The hobgoblin completely misses you.
The giant cockroach barely misses you.
The ball python bites you but does no damage.
The ball python grabs you. The ball python constricts you.
You closely miss the ball python. You barely miss the hobgoblin.
You hit the giant cockroach. The bat hits you.
* * * LOW HITPOINT WARNING * * *
The hobgoblin hits you.
* * * LOW HITPOINT WARNING * * *
The giant cockroach bites you but does no damage.
The ball python barely misses you. The ball python constricts you.
You die...

#......# #.......≈≈≈
#...... #.......≈≈≈
##...... ##......≈≈≈≈
.#....... #.......≈≈≈≈
........# #.......≈≈≈≈
........## #.......≈≈≈.
.........# #.......≈≈≈.
.......gB# #......≈≈≈≈.
...#..b.@#
###.#####≈≈≈##
#.....##S###...# #≈≈≈≈#
........r....>.#
#≈≈≈≈##
...r..###.##...##≈≈≈###
..g.. #..##.###### ..S.
##.##.# .... .##.# #
.$..# ....#


You could see a giant cockroach, a hobgoblin, a bat, a ball python and a rat.

Vanquished Creatures
  2 hobgoblins (D:1)
  A frilled lizard (D:1)
3 creatures vanquished.

Notes
Turn   | Place    | Note
-------+----------+-------------------------------------------
     0 | D:1      | Dabor the Hill Orc Monk began the quest for the Orb.
     0 | D:1      | Reached XP level 1. HP: 19/19 MP: 1/1
    51 | D:1      | HP: 1/20 [hobgoblin (3)]
    51 | D:1      | Constricted to death by a ball python

Illustrated notes

Levels and vault maps discovered:
D:1:      lemuel_arrival_river_ford, layout_basic

Action                   || total
-------------------------++-------
Melee: Hand axe          ||     9
  Use: Potion            ||     1
Armor: Robe              ||     9
Dodge: Dodged            ||    18

Table legend: (Time is in decaauts)
 A = Elapsed time spent in this place.
 B = Non-inter-level travel time spent in this place.
 C = Inter-level travel time spent in this place.
 D = Time resting spent in this place.
 E = Time spent auto-exploring this place.
 F = Levels seen in this place.
 G = Mean time per level.
                   A        B        C        D        E       F      G
               +--------+--------+--------+--------+--------+-----+--------+
         Total |     53 |     53 |      0 |      0 |     34 |   1 |   53.0 |
       Dungeon |     53 |     53 |      0 |      0 |     34 |   1 |   53.0 |
               +--------+--------+--------+--------+--------+-----+--------+

Top non-repeatable levels by time:
     D:1: 53 daAuts
